 Dungeon Crawl Stone Soup version 0.20.1-1-g8b1a95d (webtiles) character file.

27 groucho the Ducker (level 2, -1/14 HPs)
             Began as a Felid Fighter on Dec 9, 2017.
             Slain by an adder (3 damage)
             ... on level 1 of the Dungeon.
             The game lasted 00:02:20 (1543 turns).

groucho the Ducker (Felid Fighter)                  Turns: 1543, Time: 00:02:21

Health: -1/14      AC:  1    Str: 12    XL:     2   Next: 93%
Magic:  3/3        EV: 19    Int:  9    God:
Gold:   78         SH:  0    Dex: 15    Spells: 1/1 levels left
                                        Lives:  0   Deaths: 0

rFire    + . .     SeeInvis +     - Unarmed
rCold    + . .     Gourm    .   (shield unavailable)
rNeg     . . .     Faith    .   (armour unavailable)
rPois    +         Spirit   .   (helmet unavailable)
rElec    +         Reflect  .   (cloak unavailable)
rCorr    +         Harm     .   (gloves unavailable)
MR       .....                  (boots unavailable)
Stlth    +++.......             (no amulet)
Regen    0.1/turn               (no ring)
MPRegen  0.1/turn               (no ring)

@: resistant, flying, quick
A: no armour, no weapons or thrown items, stealth, claws 1, fangs 3, see
invisible, carnivore 3, speed 1, shaggy fur 1, slow metabolism 1, sharp paws
a: no special abilities


You were on level 1 of the Dungeon.
You were not hungry.

You visited 1 branch of the dungeon, and saw 2 of its levels.

You collected 78 gold pieces.

Inventory:

Jewellery
 e - an uncursed ring of stealth {unknown}
Scrolls
 f - a scroll of teleportation {unknown}
 j - a scroll of identify {unknown}
 k - a scroll of remove curse {unknown}
Potions
 a - a potion of might
 c - a potion of flight
 h - a potion of degeneration {unknown}
 i - a potion of agility {unknown}
 l - a potion of berserk rage {unknown}
Comestibles
 b - a meat ration


   Skills:
 - Level 3.0 Fighting
 - Level 4.0 Dodging
 + Level 3.9 Stealth
 - Level 4.0 Unarmed Combat


You had one spell level left.
You didn't know any spells.

Dungeon Overview and Level Annotations

Branches:
Dungeon (2/15)

Altars:


Innate Abilities, Weirdness & Mutations

You cannot wear armour.
You are incapable of wielding weapons or throwing items.
Your paws allow you to move quietly. (Stealth)
You have sharp claws.
You have razor-sharp teeth.
You have supernaturally acute eyesight. (SInv)
You are carnivorous and can eat meat at any time.
You cover ground quickly.
You are covered in fur. (AC +1)
You have a slow metabolism.
Your sharp claws are effective at attacking unaware monsters.


Message History

The giant cockroach bites you.
* * * LOW HITPOINT WARNING * * *
Unknown command.
It was a potion of resistance.
You feel protected. The adder closely misses you.
The giant cockroach barely misses you.
Unknown command.
It was a potion of curing.
You feel better. The adder bites you. The giant cockroach closely misses you.
The adder completely misses you.
Unknown command.
You scratch the adder.
The adder is moderately wounded.
The giant cockroach closely misses you. The adder bites you.
* * * LOW HITPOINT WARNING * * *
You closely miss the adder.
The adder is moderately wounded.
The giant cockroach bites you.
* * * LOW HITPOINT WARNING * * *
The adder bites you.
You die...

............>...............#
.....############.....#####.#
..............###........##.#
..#.#########..........#.##.#
..#.######.....##.##...#.##.#
..#.#..........#.........##.#
..#.#..........##.###..####.#
....+............####..# #.#
...##......#....@......# #.# #
...'.......#...sS####.#####>#####
...#.......#.....#...............
...#..#'####.....###..####.######
...#..#.####..........# #.# #
...#..#.#.......###...# #.# #
...#..#.#.##.#..###...# #.# #
####......%.....).....# #.# #
##.#...............# #.# #


You could see an adder and a giant cockroach.

Vanquished Creatures
  A dart slug (D:2)
  6 bats
  4 giant cockroaches (D:1)
  A goblin (D:1)
  2 hobgoblins (D:1)
  2 kobolds
  A frilled lizard (D:1)
  5 rats
22 creatures vanquished.

Notes
Turn   | Place    | Note
-------+----------+-------------------------------------------
     0 | D:1      | groucho the Felid Fighter began the quest for the Orb.
     0 | D:1      | Reached XP level 1. HP: 10/10 MP: 2/2
    25 | D:1      | Reached skill level 1 in Stealth
   608 | D:1      | Reached XP level 2. HP: 14/14 MP: 3/3
  1543 | D:1      | Slain by an adder

Skill      XL: |  1  2 |
---------------+-------+-----
Stealth        | 2 3 |  3.9
Fighting       | |  3.0
Dodging        | |  4.0
Unarmed Combat | |  4.0

Action                   || total
-------------------------++-------
Melee: Unarmed           ||    50
       Bite              ||     4
       Punch             ||     1
  Use: Potion            ||     3
 Stab: Sleeping          ||     4
Armor: Skin              ||     4
Dodge: Dodged            ||    54
